AoeStats
← Marco Polo 666

Black Forest

507648326Analyzed
4v4 RM · 14d ago on Sep 19, 2026· 60m 20s· 8 players
Game mode
Random Map
Map size
Large (8 player)
Population
200
Speed
Normal
Resources
Standard
Victory
Conquest
Starting age
Dark Age
Ending age
Imperial Age
RankedLock teamsTeams togetherTeam positionsShared explorationLock speedFull tech treeHidden civsTurbo modeCheats
Victory
Defeat
🇨🇳 Celts · China
833
+11
🇲🇽 Slavs · Mexico
811
+12
🇦🇷 Franks · Argentina
653
+18
🇵🇦 Spanish · Panama
604
+21
🇲🇽 Teutons · Mexico
783
-18
🇲🇽 Spanish · Mexico
721
-16
🇺🇸 Romans · United States
696
-15
🇲🇽 Byzantines · Mexico
658
-13
Icarus3597
0:27 Loom
11:19 Feudal Age
12:43 Wheelbarrow
11:52 Horse Collar
12:01 Double-Bit Axe
12:35 Town Watch
18:58 Gold Mining
22:08 Castle Age
20:16 Stone Mining
21:23 Arson
23:07 Hand Cart
22:55 Heavy Plow
23:08 Bow Saw
23:37 Stone Shaft Mining
28:27 Fervor
29:13 Caravan
33:27 Fortified Wall
35:49 Imperial Age
33:47 Town Patrol
34:22 Masonry
35:49 Ballistics
36:24 Forging
36:14 Scale Mail Armor
36:20 Scale Barding Armor
37:26 Chain Barding Armor
37:42 Iron Casting
37:22 Chain Mail Armor
37:31 Sanctity
37:18 Arrowslits
37:48 Guilds
38:08 Coinage
37:01 Elite Skirmisher
37:29 Gambesons
37:44 Squires
37:12 Man-at-Arms
39:43 Two-Man Saw
39:15 Crop Rotation
39:51 Plate Barding Armor
40:17 Blast Furnace
39:47 Plate Mail Armor
39:18 Padded Archer Armor
39:08 Fletching
39:37 Siege Engineers
40:33 Chemistry
39:58 Conscription
39:54 Bloodlines
39:08 Cavalier
39:11 Crossbowman
40:38 Crenellations
41:04 Illumination
41:35 Banking
40:32 Pikeman
41:13 Bodkin Arrow
41:34 Leather Archer Armor
41:46 Ironclad
42:02 Hoardings
41:02 Paladin
48:59 Halberdier
josefero91
4:03 Loom
14:32 Feudal Age
18:27 Wheelbarrow
22:03 Castle Age
21:30 Double-Bit Axe
27:09 Husbandry
27:19 Bloodlines
31:29 Horse Collar
32:07 Murder Holes
33:01 Scale Barding Armor
33:07 Forging
32:27 Pikeman
33:08 Squires
32:59 Gambesons
34:23 Hand Cart
35:34 Heavy Plow
39:02 Imperial Age
37:14 Fortified Wall
37:17 Masonry
38:00 Chain Barding Armor
37:41 Scale Mail Armor
39:48 Iron Casting
39:53 Cavalier
41:27 Paladin
42:47 Plate Barding Armor
43:14 Blast Furnace
42:30 Chain Mail Armor
43:50 Conscription
43:20 Halberdier
yabin.belrojo
0:29 Loom
14:49 Feudal Age
19:25 Wheelbarrow
25:50 Castle Age
24:26 Horse Collar
24:40 Double-Bit Axe
34:10 Imperial Age
32:15 Pikeman
34:12 Gold Mining
37:26 Gold Shaft Mining
39:24 Hand Cart
41:29 Heavy Plow
42:30 Stone Mining
43:13 Crop Rotation
42:57 Elite Skirmisher
44:22 Stone Shaft Mining
43:53 Caravan
44:17 Bow Saw
47:19 Two-Man Saw
46:58 Halberdier
52:37 Chemistry
52:17 Conscription
56:45 Elite Cataphract
57:58 Logistica
CHINOMIN
0:34 Loom
16:59 Feudal Age
19:28 Man-at-Arms
19:53 Horse Collar
20:06 Double-Bit Axe
26:22 Castle Age
27:21 Heavy Plow
27:53 Caravan
31:44 Wheelbarrow
33:06 Bow Saw
33:30 Long Swordsman
34:11 Squires
37:06 Imperial Age
37:00 Hand Cart
37:10 Legionary
38:12 Comitatenses
38:56 Forging
38:47 Scale Mail Armor
38:38 Fletching
38:49 Padded Archer Armor
38:54 Scale Barding Armor
38:45 Elite Skirmisher
39:44 Murder Holes
39:37 Town Watch
40:30 Crop Rotation
41:08 Conscription
43:23 Town Patrol
44:03 Iron Casting
43:44 Chain Mail Armor
43:25 Bodkin Arrow
47:04 Blast Furnace
46:26 Chain Barding Armor
51:47 Leather Archer Armor
52:08 Plate Barding Armor
[@51]ErgoProxy
1:49 Loom
13:16 Feudal Age
14:27 Horse Collar
14:36 Town Watch
14:40 Double-Bit Axe
14:42 Man-at-Arms
16:50 Arson
19:34 Padded Archer Armor
21:03 Gold Mining
23:33 Wheelbarrow
27:15 Castle Age
25:35 Stone Mining
26:31 Forging
26:24 Scale Mail Armor
27:35 Bloodlines
27:57 Heavy Plow
28:10 Bow Saw
29:31 Leather Archer Armor
29:40 Town Patrol
30:15 Long Swordsman
30:42 Gambesons
30:58 Squires
31:12 Husbandry
38:49 Imperial Age
39:29 Iron Casting
39:02 Scale Barding Armor
38:49 Fletching
39:59 Cavalier
40:19 Pikeman
42:44 Blast Furnace
42:16 Ring Archer Armor
41:21 Halberdier
44:04 Hand Cart
44:41 Bodkin Arrow
45:04 Chain Mail Armor
45:09 Chain Barding Armor
45:39 Conscription
48:13 Plate Mail Armor
60:35 Plate Barding Armor
60:02 Bracer
Marco Polo 666
1:53 Loom
10:09 Feudal Age
10:49 Double-Bit Axe
11:47 Wheelbarrow
19:28 Castle Age
20:45 Bow Saw
20:30 Gold Mining
20:42 Stone Mining
21:01 Scale Barding Armor
21:02 Husbandry
23:41 Forging
27:29 Ballistics
29:28 Hand Cart
29:38 Chain Barding Armor
34:17 Imperial Age
32:15 Caravan
33:05 Gold Shaft Mining
33:18 Pikeman
33:58 Squires
33:45 Arson
33:46 Gambesons
34:52 Iron Casting
34:37 Masonry
34:25 Murder Holes
36:15 Chemistry
36:12 Cavalier
38:03 Chivalry
38:24 Conscription
38:47 Hoardings
38:45 Paladin
39:58 Light Cavalry
43:51 Plate Barding Armor
44:18 Blast Furnace
43:20 Padded Archer Armor
43:11 Fletching
43:22 Scale Mail Armor
44:29 #83
45:04 Architecture
Nick76Luo
10:26 Feudal Age
12:36 Double-Bit Axe
15:32 Castle Age
14:14 Horse Collar
16:34 Bow Saw
17:03 Heavy Plow
16:46 Fishing Lines
18:14 Gillnets
19:31 Gold Mining
22:01 Gold Shaft Mining
22:18 Stone Mining
26:13 Wheelbarrow
25:32 Town Watch
25:34 Loom
26:38 Stone Shaft Mining
28:42 Fletching
29:02 Forging
28:52 Scale Mail Armor
31:56 Imperial Age
29:48 Hand Cart
29:37 Town Patrol
31:01 Caravan
30:59 Bodkin Arrow
31:40 Iron Casting
31:20 Chain Mail Armor
30:47 Treadmill Crane
31:18 Masonry
31:19 Fortified Wall
31:30 Ballistics
31:12 Devotion
31:07 Herbal Medicine
34:36 Guilds
36:18 Blast Furnace
35:48 Plate Mail Armor
35:20 Murder Holes
36:27 Chemistry
35:32 Siege Engineers
36:30 Chemistry
36:10 Capped Ram
36:20 Onager
37:33 Siege Ram
37:35 Siege Onager
37:36 Heavy Scorpion
38:04 Pikeman
38:29 Arson
39:01 Furor Celtica
39:12 Conscription
38:42 Stronghold
39:29 Hoardings
39:44 Halberdier
Neoikana
0:33 Loom
13:03 Feudal Age
13:37 Horse Collar
14:10 Double-Bit Axe
15:53 Wheelbarrow
16:33 Man-at-Arms
23:24 Castle Age
22:18 Man-at-Arms
23:02 Stone Mining
23:52 Forging
23:56 Bloodlines
24:05 Heavy Plow
24:26 Bow Saw
27:18 Husbandry
28:31 Hand Cart
29:03 Scale Barding Armor
29:02 Town Watch
30:08 Pikeman
30:59 Squires
36:06 Imperial Age
34:33 Chain Barding Armor
35:37 Detinets
35:51 Caravan
40:11 Druzhina
39:35 Halberdier
41:59 Elite Boyar
44:29 Gold Mining
45:47 Plate Barding Armor
45:14 Scale Mail Armor
51:25 Careening
51:28 Fortified Wall
51:24 Siege Engineers
54:21 Ballistics
55:02 Chemistry
54:08 Heavy Scorpion
55:52 Two-Man Saw
55:26 Crop Rotation
57:59 Conscription
Connection lost

Rejoining the realm…

Still unreachable

The connection could not be restored.

Session expired

The server has moved on; the page needs a fresh start.